 Dungeon Crawl Stone Soup version 0.26-a0-264-g3a471323bd (webtiles) character file.

Game seed: 14738981709107691684

284 Niddhogr the Stinger (level 6, -1/41 HPs)
             Began as a Formicid Venom Mage on July 10, 2020.
             Slain by an ogre
             ... wielding a +0 giant spiked club
              (25 damage)
             ... on level 4 of the Dungeon.
             The game lasted 00:18:18 (3947 turns).

Niddhogr the Stinger (Formicid Venom Mage)          Turns: 3947, Time: 00:18:18

Health: -1/41      AC:  2    Str: 13    XL:     6   Next: 55%
Magic:  1/9        EV:  9    Int: 16    God:
Gold:   196        SH:  0    Dex: 17    Spells: 0/9 levels left

rFire    . . .     SeeInvis +   t - +0 trident
rCold    . . .     Faith    .   (no shield)
rNeg     . . .     Spirit   .   a - +0 robe
rPois    .         Reflect  .   (helmet unavailable)
rElec    .         Harm     .   (no cloak)
rCorr    .                      (no gloves)
MR       .....                  (no boots)
Stlth    ++........             (no amulet)
HPRegen  0.13/turn              l - +6 ring of dexterity
MPRegen  0.11/turn              (no ring)

@: constricted
A: permanent stasis, dig shafts and tunnels, four strong arms, antennae 3
a: Dig, Shaft Self


You were on level 4 of the Dungeon.
You were not hungry.

You visited 1 branch of the dungeon, and saw 4 of its levels.

You collected 196 gold pieces.

Inventory:

Hand Weapons
 g - a +3 vampiric short sword {!w}
 h - a +0 spear
 i - a +0 antimagic whip
 t - a +0 trident (weapon)
Missiles
 Q - 20 arrows
Armour
 a - a +0 robe (worn)
 q - a cursed +0 ring mail
Jewellery
 l - a +6 ring of dexterity (left hand)
Scrolls
 b - 3 scrolls of amnesia
 d - a scroll of teleportation {unknown}
 j - a scroll of enchant armour
 k - a scroll of fear {unknown}
 n - 2 scrolls of remove curse {unknown}
 o - a scroll of noise {unknown}
 B - 3 scrolls of blinking {!r}
Potions
 e - a potion of resistance {unknown}
 f - 2 potions of curing
 m - a potion of stabbing {unknown}
 p - a potion of mutation {unknown}
 r - a potion of heal wounds
 s - a potion of degeneration {unknown}
Comestibles
 c - 17 rations


   Skills:
 + Level 3.8 Polearms
 - Level 1.7 Dodging
 - Level 2.4 Stealth
 - Level 2.1 Spellcasting
 - Level 1.1 Transmutations
 + Level 7.3 Poison Magic


You couldn't memorise any spells.
You knew the following spells:

 Your Spells              Type           Power        Failure   Level
a - Sting                 Tmut/Pois      ###.         3%          1
b - Poisonous Vapours     Pois/Air       ##....       7%          2
c - Ignite Poison         Fire/Tmut/Pois ##......     19%         3
x - Mephitic Cloud        Conj/Pois/Air  #.......     22%         3

Your spell library contained the following spells:

 Spells                   Type           Power        Failure   Level
 Olgreb's Toxic Radiance  Pois           ####....     10%         4


Dungeon Overview and Level Annotations

Branches:
Dungeon (4/15)
 Temple: D:4-7

Altars:
Ashenzari

Shops:
D:4 [*

Portals:
Sewer: D:4


Innate Abilities, Weirdness & Mutations

You cannot be hasted, slowed, berserked, paralysed or teleported.
You can dig through walls and to a lower floor.
Your four strong arms can wield two-handed weapons with a shield.
You have a pair of large antennae on your head. (SInv)


Message History

The ball python hisses angrily.
* * * LOW MAGIC WARNING * * *
The ogre looks more healthy.
The ogre is engulfed in poison gas.
The ogre is poisoned.
You now have 1/9 mp.
The ball python bites you. The ball python grabs you.
The ball python constricts you.
You take 2 damage, and have 26/41 hp.
Unknown command.
Attack whom?
Aim: an ogre, wielding a +0 giant spiked club (severely wounded, poisoned)
You reach to attack!
You barely miss the ogre. The ball python bites you.
The ball python constricts you.
You take 2 damage, and have 24/41 hp.
You hit the ogre. The ball python barely misses you.
The ball python constricts you.
The ogre hits you with a +0 giant spiked club!!
Ouch! That really hurt!
You die...

........##..#
##.#..#.##..#
#####.....)....# #
#.........###†#########.#
#...........#.# #.......
..
#........##.#.###.♣...#
#.# #........+
.#.).#...#.# ..#
#........# ###O#♣∩♣.. ..#
#........#
####@#..#.###..#
#........#
#...S..♣......>#
#........#
#.#.#.####...###.#
##########
#.#..............#
#.###.#####.######
#.†)..# #<# ####### ###


You could see an ogre (poisoned) and a ball python.

Levels and vault maps discovered:
D:1:      lemuel_arrival_room, layout_basic
D:2:      layout_rooms, evilmike_ruin_ashenzari
D:3:      layout_rooms, first_ration, grunt_decor_arrowhead, uniq_terence
D:4:      layout_basic, portal_sewer_entry_b, serial_shops, shop,
          nicolae_shop_trees, nicolae_shop_competitors_out_of_business

Notes
Turn   | Place    | Note
-------+----------+-------------------------------------------
     0 | D:1      | Niddhogr the Formicid Venom Mage began the quest for the
                  | Orb.
     0 | D:1      | Reached XP level 1. HP: 13/13 MP: 3/3
    16 | D:1      | Identified a +0 hand axe (You found it on level 1 of the
                  | Dungeon)
    28 | D:1      | Identified a +0 club
   252 | D:1      | Reached XP level 2. HP: 7/19 MP: 1/5
   450 | D:1      | Identified a +0 short sword
   487 | D:1      | Identified a ring of see invisible (You found it on level 1
                  | of the Dungeon)
   689 | D:1      | Reached skill level 5 in Poison Magic
   730 | D:1      | Identified a +0 dagger
   738 | D:1      | Identified a +0 spear (You found it on level 1 of the
                  | Dungeon)
   814 | D:1      | Identified a +0 short sword
   874 | D:1      | Reached XP level 3. HP: 17/24 MP: 2/6
   934 | D:1      | Identified a +0 short sword
  1012 | D:1      | Identified a +0 club
  1151 | D:1      | Identified a +0 club
  1154 | D:1      | Reached skill level 1 in Polearms
  1445 | D:1      | Identified a ring of dexterity (You found it on level 1 of
                  | the Dungeon)
  1489 | D:2      | Learned a level 2 spell: Poisonous Vapours
  1493 | D:2      | Learned a level 3 spell: Mephitic Cloud
  1544 | D:2      | Identified a +0 dagger
  1550 | D:2      | Reached XP level 4. HP: 30/30 MP: 7/7
  1770 | D:2      | Identified 3 scrolls of identify
  1770 | D:2      | Identified 2 scrolls of blinking
  1771 | D:2      | Identified a potion of curing
  1772 | D:2      | Identified a scroll of enchant armour
  1850 | D:2      | Identified a +0 dagger
  1868 | D:2      | Identified a +3 vampiric short sword
  1881 | D:2      | Reached skill level 2 in Polearms
  2009 | D:2      | Found a shattered altar of Ashenzari.
  2050 | D:2      | Identified a +0 club
  2053 | D:2      | Reached skill level 6 in Poison Magic
  2208 | D:2      | Identified a +0 club
  2342 | D:2      | Noticed a phantom
  2368 | D:3      | Reached XP level 5. HP: 24/35 MP: 4/8
  2716 | D:3      | Identified 3 scrolls of amnesia
  2730 | D:3      | Identified a +0 dagger
  2914 | D:3      | Identified a +0 club
  2946 | D:3      | Identified a +0 antimagic whip (You found it on level 3 of
                  | the Dungeon)
  3074 | D:3      | Identified a +0 flail
  3074 | D:3      | Identified a +0 flail
  3076 | D:3      | Identified a +0 club
  3087 | D:3      | Reached skill level 3 in Polearms
  3092 | D:3      | Identified a +0 flail
  3481 | D:3      | Identified a +0 flail
  3481 | D:3      | Identified a +0 chain mail
  3481 | D:3      | Noticed Terence
  3612 | D:3      | Killed Terence
  3612 | D:3      | Reached XP level 6. HP: 29/41 MP: 4/9
  3712 | D:3      | Learned a level 3 spell: Ignite Poison
  3724 | D:4      | Found Eferr's General Store.
  3750 | D:4      | Found Hiagile's Armour Boutique.
  3771 | D:4      | Reached skill level 7 in Poison Magic
  3793 | D:4      | Found a glowing drain.
  3793 | D:4      | Identified a +0 trident
  3793 | D:4      | Identified a +0 club
  3793 | D:4      | Identified a +0 chain mail
  3793 | D:4      | Identified a +0 dagger
  3793 | D:4      | Identified a +0 robe
  3823 | D:4      | HP: 8/41 [worker ant (5)]
  3831 | D:4      | Identified 2 potions of heal wounds
  3844 | D:4      | Identified a +0 falchion
  3844 | D:4      | Identified a +0 chain mail
  3927 | D:4      | Identified a +0 club
  3936 | D:4      | Identified a +0 giant spiked club
  3936 | D:4      | Noticed an ogre
  3947 | D:4      | Slain by an ogre

Table legend:
 A = Turns spent in this place as a percentage of turns spent in the entire game.
 B = Non-inter-level travel turns spent in this place as a percentage of non-inter-level travel turns spent in the entire game.
 C = Inter-level travel turns spent in this place as a percentage of turns spent in this place.
 D = Turns resting spent in this place as a percentage of non-inter-level travel turns spent in this place.
 E = Turns spent auto-exploring this place as a percentage of non-inter-level travel turns spent in this place.
 F = Non-inter-level travel turns spent in this place divided by the number of levels of this place that you've seen.
                   A       B       C       D       E      F
               +-------+-------+-------+-------+-------+----------------------
         Total | 100.0 | 100.0 |   0.7 |   6.5 |  70.6 | 979.5
       Dungeon | 100.0 | 100.0 |   0.7 |   6.5 |  70.6 | 979.5
               +-------+-------+-------+-------+-------+----------------------

Table legend:
 A = Kills in this place as a percentage of kills in entire the game.
 B = Kills by you in this place as a percentage of kills by you in the entire game.
 C = Kills by friends in this place as a percentage of kills by friends in the entire game.
 D = Other kills in this place as a percentage of other kills in the entire game.
 E = Experience gained in this place as a percentage of experience gained in the entire game.
 F = Experience gained in this place divided by the number of levels of this place that you have seen.
                   A       B       C       D       E      F
               +-------+-------+-------+-------+-------+----------------------
         Total | 100.0 | 100.0 |   N/A |   N/A | 100.0 | 101.8
       Dungeon | 100.0 | 100.0 |   N/A |   N/A | 100.0 | 101.8
               +-------+-------+-------+-------+-------+----------------------

Skill      XL: |  1  2  3  4  5  6 |
---------------+-------------------+-----
Poison Magic   | 5 6 7 |  7.3
Polearms       | 1 2 3 |  3.8
Dodging        | |  1.7
Stealth        | |  2.4
Spellcasting   | |  2.1
Transmutations | |  1.1

Action                   |  1- 3 |  4- 6 || total
-------------------------+-------+-------++-------
Melee: Hand axe          |    30 |       ||    30
       Spear             |    43 |   179 ||   222
       Trident           |       |    11 ||    11
 Cast: Sting             |    29 |    40 ||    69
       Poisonous Vapours |       |    15 ||    15
  Use: Scroll            |       |     4 ||     4
       Potion            |       |     1 ||     1
 Stab: Sleeping          |     2 |     6 ||     8
  Eat: Ration            |     1 |     2 ||     3
Armor: Robe              |    16 |    31 ||    47
Dodge: Dodged            |    48 |    99 ||   147

Vanquished Creatures
  An orc wizard (D:4)
  Terence (D:3)
  A worker ant (D:4)
  A howler monkey skeleton (D:4)
  8 adders
  2 oozes
  An adder skeleton (D:4)
  4 worms
  3 dart slugs
  3 leopard geckos
  7 orcs
  2 ball pythons
  10 bats
  5 giant cockroaches
  6 goblins
  8 hobgoblins
  8 jackals
  3 frilled lizards (D:1)
  6 kobolds
  6 rats
86 creatures vanquished.
